 Dungeon Crawl Stone Soup version 0.30.1-11-g7821555f0a (webtiles) character file.

Game seed: 15599602562192148957

3 KyoPewz the Vexing (level 1, 0/7 HPs)
             Began as a Felid Enchanter on Dec 13, 2023.
             Slain by a hobgoblin (2 damage)
             ... on level 1 of the Dungeon.
             The game lasted 00:00:31 (118 turns).

KyoPewz the Vexing (Felid Enchanter)                 Turns: 118, Time: 00:00:32

Health: 0/7        AC:  1    Str:  4    XL:     1   Next: 41%
Magic:  4/4        EV: 17    Int: 16    God:
Gold:   11         SH:  0    Dex: 16    Spells: 4/4 levels left
                                        Lives:  0   Deaths: 0

rFire   . .          .
                       - Unarmed
rCold   . . .        (shield unavailable)
rNeg    . . .        (body armour unavailable)
rPois   .            (helmet unavailable)
rElec   .            (cloak unavailable)
rCorr   .            (gloves unavailable)
SInv    +            (boots unavailable)
Will    .....        (no amulet)
Stlth   +++          (no ring)
HPRegen 0.21/turn    (no ring)
MPRegen 0.09/turn

%: no passive effects
@: quick
A: very small, claws 1, fangs 3, see invisible, speed 1, shaggy fur 1, stealthy
paws, no weapons or thrown items, no armour, multi-lived
a: no special abilities


You were on level 1 of the Dungeon.
You visited 1 branch of the dungeon, and saw 1 of its levels.

You collected 11 gold pieces.

Inventory:

Potions
 a - 2 potions of invisibility
 b - a potion of resistance {unknown}
 c - a potion of curing {unknown}


   Skills:
 - Level 2.6 Dodging
 + Level 4.4 Stealth
 - Level 1.0 Unarmed Combat
 - Level 2.0 Spellcasting
 - Level 4.4 Hexes


You had 4 spell levels left.
You didn't know any spells.
Your spell library contained the following spells:

 Spells                   Type           Power      Damage    Failure   Level
 Confusing Touch          Hex            15%        N/A       11%         3
 Tukima's Dance           Hex            15%        N/A       11%         3
 Ensorcelled Hibernation  Hex/Ice        16%        N/A       13%         2
 Dazzling Flash           Conj/Hex       16%        N/A       26%         3


Dungeon Overview and Level Annotations

Branches:
Dungeon (1/15)

Altars:


Innate Abilities, Weirdness & Mutations

You have sharp claws.
You have razor-sharp teeth.
You have supernaturally acute eyesight. (SInv)
You cover ground quickly. (Speed+)
You are covered in fur. (AC +1)
Your paws help you pounce on unaware monsters.
You are incapable of wielding weapons or throwing items.
You cannot wear armour.
You gain extra lives every three experience levels.


Message History

The floor.
Unknown command.
You closely miss the hobgoblin.
The hobgoblin is severely wounded.
The hobgoblin barely misses you.
Press: ? - help, v - describe, . - travel
Here: a hobgoblin (severely wounded)
The floor.
Unknown command.
You scratch the hobgoblin.
The hobgoblin is almost dead.
The hobgoblin hits you.
* * * LOW HITPOINT WARNING * * *
You take 1 damage, and have 2/7 hp.
You scratch the hobgoblin but do no damage.
The hobgoblin is almost dead.
The hobgoblin barely misses you.
You closely miss the hobgoblin.
You bite the hobgoblin, but do no damage.
The hobgoblin is almost dead.
The hobgoblin closely misses you.
You scratch the hobgoblin but do no damage.
The hobgoblin is almost dead.
The hobgoblin misses you.
You scratch the hobgoblin.
You kill the hobgoblin!
You scratch the hobgoblin.
You claw the hobgoblin, but do no damage.
The hobgoblin is lightly wounded.
The hobgoblin completely misses you.
You scratch the hobgoblin but do no damage.
You bite the hobgoblin.
The hobgoblin is severely wounded.
The hobgoblin hits you.
* * * LOW HITPOINT WARNING * * *
You take 1 damage, and have 2/7 hp.
You completely miss the hobgoblin.
The hobgoblin is severely wounded.
The hobgoblin hits you.
You die...

#+### #####.....#...#.
#..[####...#.g......!..
#...#..#...#.g...##..##
#.<.'..'...#.....###.#
#...#..#...#.........#
#...#..#...#.....#####
#####..######.#..###
#.##...........####
#.@g...............
####...........####
#...........#
#...........#
#...........#
#†..........#
#...........#
#.....).....#
#...........#


You could see a hobgoblin.

Vanquished Creatures
  2 hobgoblins (D:1)
  A kobold (D:1)
3 creatures vanquished.

Notes
Turn   | Place    | Note
-------+----------+-------------------------------------------
     0 | D:1      | KyoPewz the Felid Enchanter began the quest for the Orb.
     0 | D:1      | Reached XP level 1. HP: 7/7 MP: 4/4
   118 | D:1      | Slain by a hobgoblin

Illustrated notes

Levels and vault maps discovered:
D:1:      dpeg_arrival_houses_and_road, layout_basic

Action                     || total
---------------------------++-------
  Melee: Unarmed           ||    25
         Bite              ||     4
         Punch             ||     3
 Armour: Skin              ||     2
  Dodge: Dodged            ||    18
